Map: [ESL] Royal Blood

Players

Clem

  • Race: Terran Terran
  • Spawn Location: 1:00

Cure - Winner!

  • Race: Terran Terran
  • Spawn Location: 7:00

Event: ESL SC2 Masters 2023 Summer (Finals)

VOD

Have the link to the VOD?

Description

Time

  • Played on: June 16, 2023, 1:58 p.m.
  • Length: 17:42

All games in this series

Show
View Real Time Build Order
Export as new Build Order

Clem Terran 

Build Orders:  

Get SALT Encoding   

  12  0:00  SCV  
  13  0:12  SCV  
  14  0:17  Supply Depot  
  14  0:24  SCV  
  15  0:38  Barracks, SCV  
  16  0:43  Refinery  
  16  0:50  SCV  
  16  0:52  Refinery  
  17  1:02  SCV  
  18  1:14  SCV  
  19  1:25  Barracks Reactor  
  19  1:27  Orbital Command  
  19  1:29  Supply Depot  
  19  1:42  Factory  
  19  1:53  SCV  
  21  2:01  Reaper x2  
  21  2:05  SCV  
  23  2:17  SCV  
  24  2:26  Hellion  
  26  2:32  Command Center  
  26  2:34  Reaper  
  26  2:36  Reaper  
  28  2:42  Supply Depot  
  29  2:44  SCV  
  29  2:49  Hellion  
  31  3:00  Starport  
  31  3:04  SCV  
  32  3:10  Reaper x2  
  32  3:11  Hellion  
  36  3:16  SCV  
  37  3:28  SCV  
  38  3:35  Factory Tech Lab  
  38  3:40  SCV, Refinery  
  39  3:43  Marine x2  
  39  3:44  Medivac  
  39  3:47  Orbital Command  
  42  3:52  SCV  
  43  3:55  Cyclone  
  43  4:03  Marine x2  
  43  4:04  Supply Depot  
  43  4:05  SCV  
  43  4:13  SCV  
  43  4:16  Starport Tech Lab  
  43  4:19  SCV  
  43  4:20  Marine  
  43  4:21  Marine  
  46  4:27  SCV, Cyclone  
  50  4:35  Raven  
  50  4:36  Supply Depot  
  50  4:37  SCV  
  53  4:41  Marine x2  
  53  4:42  SCV  
  56  4:50  SCV  
  57  4:54  SCV  
  57  4:59  Siege Tank  
  63  5:02  SCV  
  62  5:08  SCV, Command Center  
  62  5:10  Raven  
  65  5:14  SCV  
  65  5:20  SCV  
  65  5:21  Marine x2  
  68  5:26  SCV  
  68  5:27  Supply Depot  
  69  5:32  SCV  
  69  5:34  Siege Tank  
  68  5:38  SCV  
  64  5:44  SCV  
  64  5:48  Raven, Marine x2, Refinery  
  69  5:50  SCV  
  69  5:54  Supply Depot  
  70  5:59  Barracks  
  70  6:00  SCV  
  70  6:03  Barracks  
  70  6:04  SCV  
  70  6:08  Siege Tank  
  74  6:11  Marine x2  
  74  6:12  SCV  
  74  6:16  SCV  
  74  6:17  Supply Depot  
  78  6:24  SCV  
  79  6:29  SCV  
  80  6:36  SCV  
  80  6:37  Marine  
  80  6:38  Stimpack, Viking x2  
  86  6:40  Orbital Command  
  86  6:41  SCV  
  86  6:42  Supply Depot  
  86  6:45  Siege Tank  
  90  6:48  SCV, Barracks Reactor  
  90  6:49  Barracks Reactor  
  90  6:53  SCV  
  92  6:56  Supply Depot  
  92  7:00  SCV  
  92  7:01  Marine  
  93  7:05  SCV  
  93  7:07  SCV  
  93  7:08  Engineering Bay  
  96  7:09  Engineering Bay  
  96  7:10  Viking  
  96  7:11  Supply Depot  
  96  7:13  Viking  
  99  7:17  SCV  
  99  7:18  Siege Tank  
  99  7:19  SCV  
  99  7:21  SCV  
  105  7:25  Marine x3  
  105  7:26  Marine  
  105  7:29  SCV, Marine  
  111  7:31  SCV  
  111  7:34  SCV, Supply Depot  
  113  7:41  SCV  
  113  7:43  Barracks x2, Marine, SCV  
  116  7:46  Terran Infantry Weapons Level 1, Terran Infantry Armor Level 1  
  116  7:47  Marine  
  116  7:49  Refinery  
  116  7:53  Marine, Refinery, Siege Tank  
  116  7:54  Marine  
  116  7:55  Marine  
  122  8:00  Supply Depot  
  122  8:03  Marine  
  122  8:04  Marine  
  122  8:05  Sensor Tower  
  124  8:06  Medivac  
  124  8:11  Medivac  
  128  8:13  Marine x2, Supply Depot  
  128  8:14  Marine  
  128  8:17  Supply Depot  
  134  8:21  Marine  
  134  8:22  Marine  
  134  8:25  Combat Shield  
  133  8:31  Marine x2  
  133  8:32  Marine, Command Center  
  136  8:36  Barracks Reactor x2  
  136  8:37  Siege Tank  
  136  8:39  Marine, SCV  
  136  8:40  SCV x2, Marine  
  141  8:48  Marine  
  141  8:49  Marine  
  141  8:50  Marine  
  141  8:53  Factory  
  144  8:56  Marine, Armory  
  144  8:57  Supply Depot  
  144  8:58  Marine  
  145  9:06  Marine  
  145  9:07  Marine x2, Supply Depot  
  145  9:08  SCV  
  149  9:10  Medivac x2  
  149  9:12  Supply Depot  
  149  9:14  Marine  
  149  9:16  Marine x3  
  149  9:17  Marine  
  157  9:20  Missile Turret, Siege Tank  
  157  9:21  Marine  
  162  9:24  Marine x2  
  162  9:25  Marine  
  162  9:30  Supply Depot  
  165  9:32  SCV x2, Marine  
  165  9:33  Marine  
  165  9:36  SCV  
  167  9:38  Marine  
  167  9:41  Marine x3  
  167  9:42  Marine x2  
  172  9:46  SCV  
  172  9:49  Terran Infantry Weapons Level 2, Terran Infantry Armor Level 2  
  172  9:50  Marine  
  172  9:51  Starport  
  172  9:53  Marine, Terran Vehicle Weapons Level 1  
  172  9:55  SCV  
  172  9:56  SCV, Marine  
  175  10:00  Sensor Tower  
  175  10:02  Refinery  
  175  10:03  Refinery, Siege Tank  
  175  10:04  Barracks Reactor  
  177  10:09  Marine  
  174  10:15  SCV x2  
  174  10:17  Marine  
  174  10:20  Marine x2  
  174  10:21  Marine, SCV  
  170  10:26  Marine, Siege Tank  
  170  10:27  Marine x3  
  177  10:28  Planetary Fortress  
  177  10:30  SCV x2  
  177  10:33  SCV  
  177  10:34  Marine  
  177  10:35  Siege Tank  
  184  10:42  SCV  
  184  10:43  SCV, Starport Reactor  
  184  10:46  SCV, Command Center  
  186  10:55  SCV  
  187  10:59  Viking, Command Center  
  187  11:02  Marine, Viking  
  191  11:11  Siege Tank x2  
  197  11:18  Fusion Core  
  197  11:20  Starport  
  197  11:21  Liberator  
  200  11:31  Marine  
  198  11:39  Marine x2  
  184  11:40  Marine  
  184  11:43  Siege Tank  
  184  11:44  Viking  
  184  11:45  Liberator, Viking  
  173  11:54  Marine x7, Siege Tank  
  173  11:57  Marine x2  
  173  11:58  Marine  
  169  12:04  Viking  
  161  12:12  Marine x7  
  161  12:13  Orbital Command  
  161  12:14  Viking  
  161  12:15  Marine x2, Viking  
  174  12:16  Marine  
  174  12:18  Terran Infantry Weapons Level 3  
  175  12:28  Viking  
  175  12:29  Siege Tank  
  180  12:30  Marine x7  
  180  12:32  Marine  
  180  12:33  Marine x2  
  180  12:34  Viking  
  186  12:40  Siege Tank  
  186  12:43  Advanced Ballistics  
  186  12:44  Viking  
  186  12:47  Marine  
  186  12:48  Marine x2  
  186  12:51  Missile Turret  
  191  12:52  Terran Vehicle Weapons Level 2  
  191  13:00  Marine x2  
  191  13:02  SCV x2  
  191  13:03  Marine  
  191  13:04  Marine  
  191  13:05  Marine  
  191  13:06  SCV  
  191  13:07  Siege Tank  
  185  13:15  Viking  
  185  13:16  Viking  
  185  13:17  Viking x2  
  185  13:18  Viking  
  170  13:35  Siege Tank  
  174  13:44  Marine, Viking  
  174  13:45  Marine x4  
  174  13:46  Viking  
  174  13:47  Viking x2, Siege Tank  
  174  13:48  Viking  
  188  13:52  Planetary Fortress  
  188  14:02  Refinery  
  172  14:06  Refinery  
  172  14:07  Siege Tank  
  165  14:14  Marine x7, Viking  
  165  14:16  Viking x2  
  178  14:17  Viking  
  178  14:18  Marine x2  
  178  14:19  Marine, Siege Tank  
  178  14:25  Liberator  
  173  14:34  Marine  
  173  14:35  Marine  
  166  14:39  Marine, Cyclone  
  166  14:44  Liberator  
  169  14:48  Liberator  
  169  14:49  Marine  
  169  14:50  Marine  
  169  14:51  Marine, Siege Tank  
  172  14:55  Marine x2  
  170  15:04  Medivac  
  170  15:06  Marine x2  
  172  15:07  Orbital Command, Marine  
  172  15:08  Marine  
  172  15:09  Marine  
  172  15:10  Marine x2  
  172  15:11  Siege Tank  
  172  15:12  SCV  
  181  15:17  Liberator, Marine  
  181  15:18  Marine x2  
  187  15:22  Orbital Command  
  187  15:24  Marine x2  
  186  15:29  Siege Tank  
  186  15:31  Marine  
  175  15:44  Liberator  
  175  15:46  Marine  
  152  15:52  SCV  
  152  15:53  SCV  
  152  15:56  SCV  
  153  16:00  Siege Tank  
  153  16:01  Marine  
  156  16:04  Liberator  
  156  16:09  Viking  
  160  16:23  Marine x2, Siege Tank  
  165  16:28  Refinery  
  165  16:38  Marine x2, Viking  
  136  16:42  Siege Tank  
  136  16:44  Marine  
  113  16:47  Marine  
  114  17:00  Marine, Viking  
  114  17:01  Marine x4  
  114  17:06  Marine  
  114  17:08  Marine x2  
  77  17:11  Marine  
Show
View Real Time Build Order
Export as new Build Order

Cure Terran - Winner!

Build Orders:  

Get SALT Encoding   

  12  0:00  SCV  
  13  0:12  SCV  
  14  0:17  Supply Depot  
  14  0:24  SCV  
  15  0:38  SCV  
  15  0:39  Barracks  
  15  0:42  Refinery  
  16  0:50  SCV  
  16  0:52  Refinery  
  17  1:03  SCV  
  18  1:15  SCV  
  19  1:26  Reaper  
  19  1:27  Orbital Command  
  19  1:29  Supply Depot  
  20  1:40  Factory  
  20  1:52  SCV  
  21  1:58  Reaper  
  22  2:04  SCV  
  23  2:14  Command Center  
  23  2:17  SCV  
  24  2:23  Hellion  
  24  2:29  SCV  
  27  2:31  Barracks Reactor  
  27  2:36  Starport  
  27  2:41  SCV  
  28  2:45  Supply Depot  
  28  2:47  Widow Mine  
  30  2:53  SCV  
  31  3:07  SCV, Marine x2  
  31  3:09  Factory Tech Lab  
  34  3:13  Medivac  
  34  3:19  SCV, Refinery  
  37  3:26  Orbital Command  
  37  3:27  Marine x2  
  37  3:32  SCV  
  40  3:34  Cyclone  
  43  3:44  SCV  
  43  3:45  Marine x2  
  45  3:53  Starport Tech Lab  
  43  3:56  SCV  
  43  3:59  SCV  
  42  4:03  Marine x2  
  42  4:09  SCV  
  41  4:11  Siege Tank  
  41  4:12  SCV  
  44  4:21  Raven, SCV, Marine x2  
  49  4:25  SCV  
  49  4:27  Supply Depot  
  50  4:33  SCV  
  50  4:37  SCV, Supply Depot  
  52  4:39  Marine x2  
  54  4:48  SCV, Siege Tank  
  54  4:49  SCV  
  54  4:50  Command Center  
  59  4:58  Marine x2  
  61  5:00  SCV  
  61  5:01  SCV  
  61  5:02  Raven  
  63  5:12  SCV  
  63  5:13  SCV  
  63  5:18  Marine x2  
  65  5:26  SCV x2  
  64  5:29  Siege Tank  
  64  5:31  Command Center  
  65  5:38  SCV x2  
  65  5:42  Marine x2  
  60  5:48  Refinery  
  60  5:49  Supply Depot  
  60  5:50  SCV x2  
  60  5:54  Barracks  
  60  5:55  Barracks  
  62  6:02  SCV  
  62  6:03  SCV  
  63  6:06  Siege Tank  
  66  6:12  Viking  
  66  6:13  Engineering Bay  
  66  6:15  SCV x2  
  66  6:16  Engineering Bay, Viking  
  72  6:20  Marine  
  73  6:27  SCV x2  
  73  6:30  Stimpack  
  74  6:37  Supply Depot  
  74  6:38  Supply Depot  
  74  6:39  SCV x2, Marine  
  77  6:42  Siege Tank  
  77  6:43  Barracks Reactor  
  77  6:44  Orbital Command  
  80  6:47  Barracks Reactor  
  80  6:51  SCV x2  
  82  6:57  Marine  
  83  7:01  Barracks, Viking  
  83  7:02  Barracks  
  83  7:03  SCV x2  
  83  7:05  Viking  
  83  7:07  Orbital Command  
  89  7:15  SCV x2  
  91  7:16  Terran Infantry Weapons Level 1  
  91  7:18  Marine  
  91  7:20  Terran Infantry Armor Level 1  
  92  7:24  Marine x4  
  92  7:28  Missile Turret  
  92  7:29  Missile Turret, Supply Depot  
  96  7:32  SCV x2  
  96  7:35  SCV  
  96  7:36  Marine  
  99  7:40  Siege Tank  
  101  7:44  SCV x2  
  101  7:45  Marine x2  
  101  7:46  Marine x2  
  101  7:47  Supply Depot x2  
  101  7:48  SCV  
  101  7:50  Medivac x2  
  112  7:54  Marine  
  112  7:58  Barracks Reactor  
  113  8:00  SCV x3  
  113  8:03  Barracks Reactor  
  113  8:04  Marine, Refinery  
  117  8:06  Refinery  
  117  8:08  Marine x3  
  117  8:10  Supply Depot  
  117  8:11  Supply Depot  
  117  8:12  Marine  
  121  8:14  Siege Tank  
  121  8:15  SCV x3  
  126  8:23  Marine  
  126  8:26  Marine  
  126  8:27  SCV x2  
  126  8:28  SCV, Combat Shield  
  126  8:29  Marine x2  
  126  8:30  Marine  
  128  8:39  SCV x2  
  128  8:40  SCV, Supply Depot, Marine  
  132  8:41  Armory  
  132  8:43  Marine x4  
  132  8:44  Marine  
  132  8:47  Marine  
  138  8:50  Siege Tank  
  138  8:51  Marine x2  
  138  8:54  SCV  
  138  8:55  SCV x2  
  146  8:58  Marine  
  146  9:00  Medivac  
  146  9:02  Marine, Medivac  
  151  9:09  Marine x4, Sensor Tower  
  155  9:10  Marine  
  155  9:14  Supply Depot  
  156  9:18  Supply Depot  
  156  9:22  Marine  
  157  9:32  Marine  
  157  9:35  Marine x5, Viking x2  
  157  9:37  Terran Infantry Weapons Level 2, Marine  
  165  9:40  Marine, Siege Tank  
  165  9:43  Marine  
  170  9:49  Terran Infantry Armor Level 2  
  170  9:50  Marine  
  168  9:53  Marine x4  
  168  9:54  Supply Depot x2  
  169  10:16  Marine x8  
  169  10:17  Viking x2, Siege Tank  
  171  10:26  Factory  
  168  10:32  Command Center  
  168  10:33  Marine x3  
  168  10:34  Barracks Reactor  
  170  10:38  Marine x4  
  174  10:48  Marine  
  174  10:49  Siege Tank  
  178  10:51  Marine x3  
  178  10:54  Viking  
  178  10:55  Viking  
  178  10:56  Marine x2  
  187  10:57  Marine x2  
  188  11:06  Marine  
  188  11:09  Marine x3  
  189  11:18  Terran Vehicle Weapons Level 1  
  189  11:30  Supply Depot  
  189  11:33  Marine x2  
  189  11:36  Sensor Tower  
  189  11:37  Siege Tank  
  189  11:38  Siege Tank  
  184  11:40  Marine x8  
  182  11:51  Marine x2  
  177  11:58  Marine x8  
  172  12:03  Viking x2  
  174  12:09  Marine x2  
  174  12:10  Siege Tank  
  174  12:11  Siege Tank  
  174  12:13  SCV x2  
  174  12:14  SCV  
  185  12:16  Marine x8  
  185  12:22  Orbital Command  
  193  12:28  SCV x2  
  188  12:37  Marine x6  
  188  12:43  Siege Tank x2  
  198  12:48  Planetary Fortress  
  198  12:55  Terran Infantry Weapons Level 3, Marine, Terran Infantry Armor Level 3  
  189  13:16  Viking x2  
  189  13:17  Marine x2, Siege Tank x2  
  195  13:20  Marine x2  
  195  13:21  Marine  
  198  13:28  Terran Vehicle Weapons Level 2  
  198  13:32  Refinery  
  198  13:33  Refinery  
  198  14:02  Viking x2  
  189  14:07  Marine x4  
  189  14:12  Marine x6  
  190  14:25  Marine x4  
  190  14:29  Marine x2  
  190  14:30  Marine x4  
  193  14:43  Marine x4  
  197  14:45  Medivac  
  197  14:47  Marine x4  
  197  14:48  Refinery  
  197  14:52  Medivac, Siege Tank x2  
  197  14:55  Marine x2  
  199  15:01  Marine  
  187  15:15  Medivac  
  187  15:16  Marine x4  
  187  15:20  Marine x6  
  199  15:34  Marine x2, Command Center  
  194  15:37  Medivac  
  187  15:45  Marine x8, Medivac  
  187  15:48  Siege Tank x2  
  180  15:52  Marine x2  
  182  16:03  Marine x8  
  190  16:07  Medivac  
  190  16:09  Marine x2  
  194  16:17  Medivac  
  193  16:20  Marine x4, Siege Tank  
  199  16:33  Marine x2  
  199  16:37  Marine x2, Medivac  
  199  16:38  Marine  
  166  16:44  Marine  
  166  16:47  Medivac, Planetary Fortress  
  158  16:58  Marine x4  
  157  17:03  Marine x5  
  141  17:09  Marine  
  142  17:16  Marine x4  
Tags
 
Add a new tag
Caveats
  • Supply blocks, unpowered buildings, or Contaminate may cause inaccurate times.
  • Supply counts are checked every 10 seconds.